 Dungeon Sprint DCSS version 0.18-b1-2-gd0c887e (webtiles) character file.

600 Groucho the Skirmisher (level 7, -24/72 HPs)
             Began as a Naga Fighter on Apr 27, 2016.
             Was a Follower of Cheibriados.
             Annihilated by a hill giant
             ... wielding a +0 giant spiked club
              (37 damage)
             ... in the Dungeon (Sprint IX: "|||||||||||||||||||||||||||||").
             The game lasted 00:04:11 (824 turns).

Groucho the Skirmisher (Naga Fighter)                Turns: 824, Time: 00:04:11

Health: -24/72     AC:  9    Str: 23    XL:     7   Next: 41%
Magic:  7/11       EV:  9    Int: 11    God:    Cheibriados [*.....]
Gold:   0          SH: 11    Dex: 14    Spells: 0 memorised, 11 levels left

rFire  . . .     SeeInvis +     o - +1 broad axe (freeze)
rCold  . . .     Gourm    .     p - +1 scale mail
rNeg   . . .     Faith    .     c - +0 shield
rPois  +         Spirit   .     (no helmet)
rElec  .         Dismiss  .     n - +0 cloak
rCorr  .         Reflect  .     (no gloves)
SustAt .         Harm     .     (no barding)
MR     .....     NoTele   +     (no amulet)
Stlth  ..........               (no ring)
                                (no ring)

@: very slightly contaminated, invisible, very slow, not resistant to hostile
enchantments, extremely unstealthy
A: see invisible, deformed body, poison resistance, slowness 2, slow metabolism
1, spit poison 2, AC +2
a: Spit Poison, Bend Time, Renounce Religion


You were in the Dungeon.
You worshipped Cheibriados.
Cheibriados was aware of your devotion.
You were not hungry.

You visited 1 branch

Inventory:

Hand Weapons
 o - a +1 broad axe of freezing (weapon)
Armour
 c - a +0 shield (worn)
 n - a +0 cloak (worn)
 p - a +1 scale mail (worn)
Wands
 m - a wand of lightning (7/15)
Scrolls
 j - 3 scrolls of remove curse
 k - a scroll of blinking
 l - 2 scrolls of amnesia
Potions
 d - a potion of might
 h - 3 potions of curing
 i - 4 potions of magic
Comestibles
 f - a bread ration


   Skills:
 * Level 7.6 Fighting
 * Level 7.0 Axes
 * Level 6.2 Armour
 + Level 3.8 Dodging
 * Level 6.1 Shields
 + Level 2.7 Spellcasting
 * Level 4.9 Invocations


You had 11 spell levels left.
You didn't know any spells.

Dungeon Overview and Level Annotations

Branches:
Dungeon (1/1)

Altars:
Cheibriados
Dithmenos
Elyvilon
Fedhas
Gozag
Kikubaaqudgha
Makhleb
Nemelex Xobeh
Okawaru
Pakellas
Qazlal
Ru
Sif Muna
Trog
Vehumet
Xom
Yredelemnul
Zin
The Shining One
Beogh
Jiyva
Lugonu


Innate Abilities, Weirdness & Mutations

You cannot wear boots.
Your serpentine skin is tough (AC +2).
You have supernaturally acute eyesight.
Armour fits poorly on your strangely shaped body.
Your system is resistant to poisons.
You cover ground very slowly.
You have a slow metabolism.
You can spit poison.


Message History

The hill giant is moderately wounded.
The hill giant hits you with a giant spiked club!!
* * * LOW HITPOINT WARNING * * *
You slash the hill giant! You freeze the hill giant.
The hill giant is heavily wounded.
The hill giant closely misses you.
Drink which item? (? for menu, Esc to quit)
You feel better. You block the hill giant's attack.
You slash the hill giant! You freeze the hill giant.
The hill giant is heavily wounded.
You block the hill giant's attack.
You barely miss the hill giant.
The hill giant is heavily wounded.
The hill giant hits you with a giant spiked club.
* * * LOW HITPOINT WARNING * * *
You slash the hill giant! You freeze the hill giant.
The hill giant is almost dead.
The hill giant hits you with a giant spiked club!!!
Ouch! That really hurt!
You die...

▓[▓
▓[▓
▓.▓
▓=▓
▓†▓
▓o▓
▓F▓
▓C▓
▓@▓
▓.▓
▓.▓
▓+▓


You could see a hill giant, a giant frog and an orc.

Vanquished Creatures
  A troll (D)
  A yak (D)
  A sky beast (D)
  An ogre (D)
  A howler monkey (D)
  A worker ant (D)
  2 dart slugs (D)
  A giant gecko (D)
  A bat (D)
  A giant cockroach zombie (D)
  2 kobolds (D)
13 creatures vanquished.

Vanquished Creatures (others)
  A spatial maelstrom (D)
1 creature vanquished.

Grand Total: 14 creatures vanquished

Notes
Turn   | Place    | Note
--------------------------------------------------------------
     0 | D        | Groucho the Naga Fighter began the quest for the Orb.
     0 | D        | Reached XP level 1. HP: 21/21 MP: 1/1
     2 | D        | Banished a spatial maelstrom
    21 | D        | Reached skill level 1 in Dodging
    21 | D        | Reached XP level 2. HP: 9/28 MP: 2/2
   336 | D        | Noticed a sky beast
   336 | D        | Noticed a howler monkey
   341 | D        | Reached XP level 3. HP: 27/36 MP: 3/3
   362 | D        | Killed a sky beast
   362 | D        | Reached skill level 5 in Fighting
   362 | D        | Reached XP level 4. HP: 14/46 MP: 4/4
   362 | D        | Reached XP level 5. HP: 15/52 MP: 5/5
   370 | D        | Reached skill level 5 in Axes
   717 | D        | Found a glowing silver altar of Zin.
   717 | D        | Found a glowing golden altar of the Shining One.
   717 | D        | Found an ancient bone altar of Kikubaaqudgha.
   717 | D        | Found a basalt altar of Yredelemnul.
   717 | D        | Found a shimmering altar of Xom.
   717 | D        | Found a radiant altar of Vehumet.
   718 | D        | Found an iron altar of Okawaru.
   719 | D        | Found a burning altar of Makhleb.
   720 | D        | Found a deep blue altar of Sif Muna.
   721 | D        | Found a bloodstained altar of Trog.
   722 | D        | Found a sparkling altar of Nemelex Xobeh.
   723 | D        | Found a white marble altar of Elyvilon.
   724 | D        | Found a roughly hewn altar of Beogh.
   725 | D        | Found a viscous altar of Jiyva.
   726 | D        | Found a corrupted altar of Lugonu.
   727 | D        | Found a blossoming altar of Fedhas.
   728 | D        | Found a snail-covered altar of Cheibriados.
   729 | D        | Found a shadowy altar of Dithmenos.
   730 | D        | Found a stormy altar of Qazlal.
   731 | D        | Found an opulent altar of Gozag.
   732 | D        | Found a sacrificial altar of Ru.
   733 | D        | Found an oddly glowing altar of Pakellas.
   744 | D        | Became a worshipper of Cheibriados the Contemplative
   801 | D        | Noticed a yak
   801 | D        | Noticed a troll
   801 | D        | Noticed a hill giant
   801 | D        | Noticed an ogre
   805 | D        | Killed a yak
   805 | D        | Reached skill level 5 in Armour
   805 | D        | Reached skill level 5 in Shields
   805 | D        | Reached skill level 1 in Spellcasting
   805 | D        | Reached XP level 6. HP: 58/63 MP: 5/8
   808 | D        | Killed a troll
   808 | D        | Reached * piety under Cheibriados
   808 | D        | Reached XP level 7. HP: 57/72 MP: 5/10
   824 | D        | Annihilated by a hill giant

Skill      XL: |  1  2  3  4  5  6  7 |
---------------+----------------------+-----
Dodging        | 1 2 3 |  3.8
Fighting       | 4 5 6 7 |  7.6
Axes           | 3 4 6 7 |  7.0
Armour         | 3 4 5 6 |  6.2
Shields        | 3 4 5 6 |  6.1
Spellcasting   | 1 2 |  2.7
Invocations    | 2 4 |  4.9

Action                   |  1- 3 |  4- 6 |  7- 9 || total
-------------------------+-------+-------+-------++-------
Melee: War axe           |    46 |     7 |       ||    53
       Broad axe         |       |     7 |    11 ||    18
  Use: Potion            |     2 |     2 |     4 ||     8
       Scroll            |       |       |     1 ||     1
Armor: Scale mail        |    16 |     5 |       ||    21
Dodge: Dodged            |     8 |     2 |     3 ||    13
Block: Shield            |    19 |    10 |     2 ||    31
